 Dungeon Sprint DCSS version 0.21-a0-221-gfe971b9 (webtiles) character file.

17234 Kidiri the Eclecticist (level 12, -1/73 HPs)
             Began as a Deep Elf Fire Elementalist on Aug 25, 2017.
             Was the Champion of Vehumet.
             Slain by a black mamba (9 damage)
             ... in the Dungeon (Sprint III: "The Ten Rune Challenge").
             The game lasted 00:21:47 (3495 turns).

Kidiri the Eclecticist (Deep Elf Fire Elementalist) Turns: 3495, Time: 00:21:48

Health: -1/73      AC:  7    Str:  5    XL:     12   Next: 17%
Magic:  17/36      EV: 20    Int: 26    God:    Vehumet [******]
Gold:   53         SH:  0    Dex: 15    Spells: 14/48 levels left

rFire    . . .     SeeInvis .   b - +0 dagger
rCold    + . .     Gourm    .   (no shield)
rNeg     . . .     Faith    .   o - +1 robe {rC+}
rPois    .         Spirit   .   (no helmet)
rElec    .         Reflect  .   l - +0 cloak
rCorr    .         Harm     .   (no gloves)
MR       +....     NoTele   +   (no boots)
Stlth    ++........             (no amulet)
HPRegen  0.22/turn              (no ring)
MPRegen  0.25/turn              (no ring)

@: no status effects
A: yellow scales 1, mutation resistance 1
a: Renounce Religion


You were in the Dungeon.
You worshipped Vehumet.
Vehumet was exalted by your worship.
You were very full.

You visited 1 branch You collected 53 gold pieces.

Inventory:

Hand Weapons
 b - a +0 dagger (weapon)
Armour
 l - a +0 cloak (worn)
 o - a +1 robe of cold resistance (worn)
Scrolls
 n - a scroll of holy word
 p - 3 scrolls of remove curse
 t - a scroll of immolation {unknown}
Potions
 d - a potion of curing
 e - 2 potions of heal wounds
 f - a potion of haste
 g - 2 potions of magic
 h - 2 potions of berserk rage
 r - 2 potions of might
 s - 4 potions of flight
Comestibles
 a - 20 royal jellies
 c - a bread ration
 j - a meat ration


   Skills:
 + Level 8.0 Fighting
 + Level 9.8 Short Blades
 + Level 8.1 Armour
 + Level 11.4 Dodging
 - Level 2.4 Stealth
 * Level 18.8 Spellcasting
 + Level 11.9 Conjurations
 + Level 12.1 Fire Magic
 + Level 9.6 Air Magic
 + Level 1.8 Earth Magic
 + Level 10.4 Poison Magic


You had 14 spell levels left.
You knew the following spells:

 Your Spells              Type           Power        Failure   Level  Hunger
a - Flame Tongue          Conj/Fire      #####        0%          1    None
b - Throw Flame           Conj/Fire      ######       0%          2    None
c - Conjure Flame         Conj/Fire      ######..     1%          3    None
d - Inner Flame           Hex/Fire       ######..     1%          3    None
e - Ignite Poison         Fire/Tmut/Pois ######..     1%          3    None
f - Sticky Flame          Conj/Fire      ######..     1%          4    None
g - Fireball              Conj/Fire      ######....   1%          5    None
h - Airstrike             Air            ######....   1%          4    None
i - Iron Shot             Conj/Erth      ######....   4%          6    ###....
j - Mephitic Cloud        Conj/Pois/Air  ######..     1%          3    None


Dungeon Overview and Level Annotations

Branches:
Dungeon (1/1)

Altars:
Cheibriados
Dithmenos
Elyvilon
Fedhas
Gozag
Hepliaklqana
Kikubaaqudgha
Makhleb
Nemelex Xobeh
Okawaru
Qazlal
Ru
Sif Muna
Trog
Uskayaw
Vehumet
Wu Jian
Xom
Yredelemnul
Zin
The Shining One
Beogh
Jiyva
Lugonu

Annotations:
D exclusion: 7 doors


Innate Abilities, Weirdness & Mutations

You are partially covered in yellow scales. (AC +2)
You are somewhat resistant to further mutation.


Message History

The black mamba is covered in liquid flames!
The black mamba burns!
The black mamba closely misses you. The black mamba misses you.
Unknown command.
The black mamba burns!
The black mamba completely misses you.
The black mamba burns!
The black mamba completely misses you.
The black mamba burns!
The black mamba stops burning.
The black mamba bites you!
* * * LOW HITPOINT WARNING * * *
Unknown command.
Casting: Sticky Flame
Confirm with . or Enter, or press ? or * to list all spells.
Aiming: Sticky Flame
Press: ? - help, Shift-Dir - straight line, f/p - black mamba
Aim: a black mamba (severely wounded)
The sticky flame hits the black mamba.
The black mamba is severely wounded.
The black mamba is covered in liquid flames!
The black mamba burns!
The black mamba bites you!
You die...

+####'#######♣
♣♣♣♣.##..##
.............♣♣
♣...##.##.#
#############'♣
♣♣.##%##(##+
#≈P.....%.%..♣
♣..#.##...#
.+≈≈...########♣♣
♣♣.##.##.)#
.#≈≈≈.........PP♣
♣♣.##.#####
.#≈≈≈≈P..PP.....♣
♣.....#
###########%############
#%...@S.....##
#............#
###########..#
SSS......# SS......##
#########


You could see a black mamba (burning).

Vanquished Creatures
  Rupert (D)
  A centaur warrior (D)
  2 anacondas (D)
  Erica (D)
  4 death yaks (D)
  Urug (D)
  An unseen horror (D)
  A lindwurm (D)
  A deep elf mage (D)
  4 black mambas (D)
  2 spiny frogs (D)
  A komodo dragon (D)
  A rime drake (D)
  3 wandering mushrooms (D)
  A queen bee (D)
  2 tyrant leeches (D)
  8 blink frogs (D)
  A shadow (D)
  3 redbacks (D)
  A spatial vortex (D)
  5 water moccasins (D)
  A swamp drake (D)
  A necrophage (D)
  2 centaurs (D)
  A water elemental (D)
  30 killer bees (D)
  A jelly (D)
  A wizard (D)
  Crazy Yiuf (D)
  Jessica (D)
  A necromancer (D)
  3 humans (D)
  A kobold demonologist (D)
  An adder (D)
  2 oozes (D)
  A rat (D)
93 creatures vanquished.

Vanquished Creatures (collateral kills)
  2 killer bees (D)
2 creatures vanquished.

Vanquished Creatures (others)
  2 draconian scorchers (D)
  6 hellions (D)
  3 yaktaurs (D)
  3 plants (D)
14 creatures vanquished.

Grand Total: 109 creatures vanquished

Notes
Turn   | Place    | Note
-------+----------+-------------------------------------------
     0 | D        | Kidiri the Deep Elf Fire Elementalist began the quest for the Orb.
     0 | D        | Reached XP level 1. HP: 10/10 MP: 6/6
     6 | D        | Reached skill level 4 in Spellcasting
    55 | D        | Reached XP level 2. HP: 15/15 MP: 5/9
    59 | D        | Learned a level 2 spell: Throw Flame
    93 | D        | Noticed Jessica
    95 | D        | Killed a yaktaur
    96 | D        | Reached skill level 5 in Spellcasting
    97 | D        | Killed Jessica
    97 | D        | Reached skill level 6 in Spellcasting
    97 | D        | Reached XP level 3. HP: 19/19 MP: 5/13
   102 | D        | Learned a level 3 spell: Conjure Flame
   106 | D        | Learned a level 3 spell: Inner Flame
   107 | D        | Killed a hellion
   107 | D        | Killed a hellion
   144 | D        | Killed a hellion
   153 | D        | Killed a hellion
   181 | D        | Reached skill level 7 in Spellcasting
   181 | D        | Reached skill level 5 in Fire Magic
   183 | D        | Killed a white draconian scorcher
   245 | D        | Killed a hellion
   281 | D        | Noticed Crazy Yiuf
   289 | D        | Killed Crazy Yiuf
   289 | D        | Reached skill level 8 in Spellcasting
   289 | D        | Reached XP level 4. HP: 24/24 MP: 8/16
   305 | D        | Learned a level 4 spell: Sticky Flame
   345 | D        | Killed a hellion
   360 | D        | Noticed a water elemental
   363 | D        | Killed a water elemental
   363 | D        | Reached skill level 9 in Spellcasting
   363 | D        | Reached skill level 5 in Conjurations
   363 | D        | Reached XP level 5. HP: 10/28 MP: 14/19
   374 | D        | Killed a white draconian scorcher
   378 | D        | Learned a level 5 spell: Fireball
   557 | D        | Found a radiant altar of Vehumet.
   558 | D        | Found a deep blue altar of Sif Muna.
   558 | D        | Found an ancient bone altar of Kikubaaqudgha.
   559 | D        | Reached skill level 10 in Spellcasting
   560 | D        | Noticed a hellwing
   570 | D        | Learned a level 3 spell: Mephitic Cloud
   576 | D        | Became a worshipper of Vehumet
   634 | D        | Killed a yaktaur
   645 | D        | Found a glowing silver altar of Zin.
   646 | D        | Found a glowing golden altar of the Shining One.
   646 | D        | Found a white marble altar of Elyvilon.
   646 | D        | Noticed a deep elf mage
   660 | D        | Killed a deep elf mage
   660 | D        | Reached skill level 12 in Spellcasting
   660 | D        | Reached XP level 6. HP: 36/36 MP: 19/23
   660 | D        | Reached XP level 7. HP: 40/40 MP: 19/24
   688 | D        | Gained mutation: You are frail. (-10% HP) [potion of mutation]
   688 | D        | Gained mutation: You are very frail. (-20% HP) [potion of mutation]
   688 | D        | Gained mutation: You possess an exceptional clarity of mind. [potion of mutation]
   689 | D        | Lost mutation: You are very frail. (-20% HP) [potion of mutation]
   689 | D        | Lost mutation: You are frail. (-10% HP) [potion of mutation]
   689 | D        | Gained mutation: Your magical capacity is low. (-10% MP) [potion of mutation]
   689 | D        | Gained mutation: You are dopey. (Int -2) [potion of mutation]
   689 | D        | Gained mutation: You have large cloven feet. [potion of mutation]
   690 | D        | Lost mutation: Your magical capacity is low. (-10% MP) [potion of mutation]
   690 | D        | Lost mutation: You have large cloven feet. [potion of mutation]
   690 | D        | Lost mutation: You are dopey. (Int -2) [potion of mutation]
   690 | D        | Gained mutation: Armour fits poorly on your strangely shaped body. [potion of mutation]
   690 | D        | Gained mutation: You are partially covered in yellow scales. (AC +2) [potion of mutation]
   691 | D        | Lost mutation: Armour fits poorly on your strangely shaped body. [potion of mutation]
   691 | D        | Lost mutation: You possess an exceptional clarity of mind. [potion of mutation]
   691 | D        | Gained mutation: You are somewhat resistant to further mutation. [potion of mutation]
   720 | D        | Killed a yaktaur
   753 | D        | Found an ornate altar of the Wu Jian Council.
   753 | D        | Found an iron altar of Okawaru.
   755 | D        | Found a roughly hewn altar of Beogh.
   755 | D        | Found a bloodstained altar of Trog.
   755 | D        | Found a hide-covered altar of Uskayaw.
   755 | D        | Noticed a human
   758 | D        | Noticed a human
   759 | D        | Killed a human
   759 | D        | Reached skill level 5 in Dodging
   767 | D        | Killed a human
   767 | D        | Reached * piety under Vehumet
   767 | D        | Offered knowledge of Sandblast by Vehumet.
   916 | D        | Found a basalt altar of Yredelemnul.
   916 | D        | Found a shadowy altar of Dithmenos.
   916 | D        | Found a sacrificial altar of Ru.
  1066 | D        | Noticed a shadow
  1066 | D        | Reached ** piety under Vehumet
  1066 | D        | Offered knowledge of Freeze by Vehumet.
  1066 | D        | Reached XP level 8. HP: 46/46 MP: 19/26
  1069 | D        | Reached skill level 13 in Spellcasting
  1119 | D        | Found a blossoming altar of Fedhas.
  1119 | D        | Found a stormy altar of Qazlal.
  1119 | D        | Found a snail-covered altar of Cheibriados.
  1119 | D        | Found a burning altar of Makhleb.
  1119 | D        | Found a shimmering altar of Xom.
  1120 | D        | Found a hazy altar of Hepliaklqana.
  1120 | D        | Found an opulent altar of Gozag.
  1120 | D        | Found a sparkling altar of Nemelex Xobeh.
  1120 | D        | Found a corrupted altar of Lugonu.
  1120 | D        | Found a viscous altar of Jiyva.
  1146 | D        | Noticed Erica
  1147 | D        | Killed Erica
  1147 | D        | Reached skill level 5 in Short Blades
  1147 | D        | Reached skill level 5 in Air Magic
  1147 | D        | Reached skill level 5 in Poison Magic
  1343 | D        | Noticed a centaur warrior
  1347 | D        | Offered knowledge of Ignite Poison by Vehumet.
  1347 | D        | Reached *** piety under Vehumet
  1347 | D        | Reached skill level 14 in Spellcasting
  1347 | D        | Reached XP level 9. HP: 52/52 MP: 18/29
  1359 | D        | Killed a centaur warrior
  1441 | D        | Learned a level 3 spell: Ignite Poison
  1464 | D        | Noticed an unseen horror
  1472 | D        | Killed an unseen horror
  1472 | D        | Offered knowledge of Airstrike by Vehumet.
  1472 | D        | Reached skill level 5 in Fighting
  1472 | D        | Reached skill level 5 in Armour
  1481 | D        | Learned a level 4 spell: Airstrike
  1686 | D        | Noticed a queen bee
  1690 | D        | Reached **** piety under Vehumet
  1690 | D        | Offered knowledge of Iskenderun's Battlesphere by Vehumet.
  1692 | D        | Reached skill level 15 in Spellcasting
  1692 | D        | Reached ***** piety under Vehumet
  1701 | D        | Reached ****** piety under Vehumet
  1704 | D        | Reached XP level 10. HP: 59/59 MP: 12/31
  1706 | D        | Reached skill level 10 in Fire Magic
  1903 | D        | Offered knowledge of Fulminant Prism by Vehumet.
  1992 | D        | Noticed a spiny frog
  1992 | D        | Noticed a spiny frog
  1997 | D        | Killed a spiny frog
  1997 | D        | Reached skill level 16 in Spellcasting
  1997 | D        | Reached skill level 10 in Conjurations
  2001 | D        | Killed a spiny frog
  2221 | D        | HP: 3/60 [tyrant leech (18)]
  2222 | D        | Offered knowledge of Conjure Ball Lightning by Vehumet.
  2512 | D        | Noticed a lindwurm
  2518 | D        | Killed a lindwurm
  2696 | D        | Noticed Urug
  2703 | D        | Killed Urug
  2703 | D        | Reached XP level 11. HP: 66/66 MP: 18/33
  2858 | D        | Reached skill level 10 in Dodging
  2858 | D        | Reached skill level 17 in Spellcasting
  2861 | D        | Offered knowledge of Spellforged Servitor by Vehumet.
  2924 | D        | Noticed Rupert
  2954 | D        | Paralysed by Rupert for 2 turns
  2962 | D        | Killed Rupert
  3096 | D        | Noticed a death yak
  3097 | D        | Noticed a death yak
  3099 | D        | Noticed a death yak
  3101 | D        | Noticed a death yak
  3107 | D        | Killed a death yak
  3110 | D        | Killed a death yak
  3110 | D        | Reached skill level 18 in Spellcasting
  3120 | D        | Killed a death yak
  3120 | D        | Offered knowledge of Bolt of Draining by Vehumet.
  3127 | D        | Killed a death yak
  3144 | D        | Reached skill level 10 in Poison Magic
  3156 | D        | Noticed an azure jelly
  3156 | D        | Noticed an azure jelly
  3306 | D        | Reached XP level 12. HP: 68/73 MP: 24/36
  3313 | D        | Offered knowledge of Iron Shot by Vehumet.
  3321 | D        | Learned a level 6 spell: Iron Shot
  3473 | D        | Noticed an anaconda
  3473 | D        | Noticed an anaconda
  3473 | D        | Noticed an anaconda
  3474 | D        | Noticed an anaconda
  3487 | D        | Killed an anaconda
  3487 | D        | Reached skill level 1 in Earth Magic
  3488 | D        | Killed an anaconda
  3495 | D        | Slain by a black mamba

Vault maps used:
D:        dungeon_sprint_mu

Skill      XL: |  1  2  3  4  5  6  7  8  9 10 11 12 |
---------------+-------------------------------------+-----
Spellcasting   | 4 6 8 9 12 14 15 16 18 | 18.8
Conjurations   | 2 3 4 5 7 8 9 10 11 | 11.9
Fire Magic     | 4 5 6 7 8 9 10 11 12 | 12.1
Fighting       | 2 3 4 5 6 7 8 |  8.0
Short Blades   | 3 4 5 6 8 9 |  9.8
Armour         | 2 3 4 5 6 7 8 |  8.1
Dodging        | 4 5 6 8 9 11 | 11.4
Air Magic      | 3 4 5 6 8 9 |  9.6
Poison Magic   | 3 4 5 7 8 10 | 10.4
Earth Magic    | 1 |  1.8
Stealth        | |  2.4

Action                   |  1- 3 |  4- 6 |  7- 9 | 10-12 || total
-------------------------+-------+-------+-------+-------++-------
Melee: Unarmed           |       |     1 |       |       ||     1
       Dagger            |       |     1 |     9 |    23 ||    33
 Cast: Flame Tongue      |    25 |     2 |    38 |    54 ||   119
       Throw Flame       |     3 |       |     2 |       ||     5
       Conjure Flame     |       |     1 |     5 |     7 ||    13
       Sticky Flame      |       |     3 |     8 |    21 ||    32
       Mephitic Cloud    |       |       |     7 |    11 ||    18
       Fireball          |       |       |     3 |     6 ||     9
       Inner Flame       |       |       |     4 |     4 ||     8
       Ignite Poison     |       |       |     2 |    12 ||    14
       Airstrike         |       |       |     1 |    13 ||    14
  Use: Potion            |       |       |     4 |     1 ||     5
       Scroll            |       |       |     3 |     1 ||     4
 Stab: Confused          |       |       |     2 |     2 ||     4
       Sleeping          |       |       |       |     1 ||     1
  Eat: Fruit             |       |       |     2 |       ||     2
       Royal jelly       |       |       |     1 |     5 ||     6
       Chunk             |       |       |     1 |       ||     1
Armor: Robe              |       |       |     2 |     5 ||     7
Dodge: Dodged            |     9 |     7 |     3 |    47 ||    66

Table legend:
 A = Spawn XP
 B = Non-spawn XP
 C = Spawn XP percentage of total XP
 D = Spawn monster count
 E = Non-spawn monster count
 F = Spawn count percentage of total count
 G = Total turns spent on level
                    A         B        C        D         E        F      G
               +---------+---------+-------+---------+---------+-------+---------
         Total |       0 |   24620 |   0.0 |       0 |      95 |   0.0 |  3495
               +---------+---------+-------+---------+---------+-------+---------
             D |       0 |   24620 |   0.0 |       0 |      95 |   0.0 |  3495
               +---------+---------+-------+---------+---------+-------+---------
